Map: Shadowed Jungle

Players

Metasapien - Winner!

  • Race: Zerg Zerg
  • League: Platinum
  • Spawn Location: 1:00

Kswiss - Winner!

  • Race: Protoss Protoss
  • League: Silver
  • Spawn Location: 11:00

Trigger

  • Race: Zerg Zerg
  • Spawn Location: 5:00

demoleo

  • Race: Protoss Protoss
  • Spawn Location: 7:00

VOD

Have the link to the VOD?

Description

Time

  • Played on: Sept. 23, 2017, 2:44 a.m.
  • Length: 14:23
Show
View Real Time Build Order
Export as new Build Order

Metasapien Zerg - Winner!

Build Orders: Pool First 

Get SALT Encoding   

  12  0:18  Spawning Pool  
  11  0:23  Drone  
  11  0:27  Drone  
  13  0:34  Drone  
  13  0:35  Extractor  
  13  0:43  Drone  
  13  0:48  Drone, Extractor  
  14  0:56  Overlord  
  15  1:23  Hatchery  
  14  1:26  Drone  
  14  1:32  Drone  
  16  1:35  Drone  
  17  1:44  Drone  
  18  1:48  Metabolic Boost  
  18  1:55  Drone  
  19  2:02  Overlord  
  19  2:11  Queen  
  21  2:20  Drone  
  22  2:35  Zergling x2  
  22  2:36  Zergling x4  
  22  2:37  Queen  
  27  2:44  Extractor  
  27  2:47  Drone  
  27  2:53  Drone  
  28  2:59  Drone  
  28  3:01  Drone  
  30  3:12  Drone, Spine Crawler  
  30  3:16  Drone  
  30  3:17  Drone  
  30  3:19  Drone  
  33  3:22  Overlord  
  33  3:25  Overlord  
  33  3:26  Drone  
  34  3:37  Zergling x2  
  34  3:38  Zergling x2  
  34  3:40  Zergling x2  
  37  3:47  Spine Crawler  
  34  3:48  Zergling x2  
  34  3:49  Zergling x4  
  36  3:56  Zergling x4  
  36  3:57  Zergling x2  
  36  4:00  Zergling x2  
  41  4:02  Zergling x2  
  38  4:22  Queen x2  
  39  4:40  Drone x4  
  42  5:07  Drone x3  
  42  5:08  Drone x2  
  42  5:09  Drone x3  
  48  5:34  Drone x2  
  50  5:36  Drone x2  
  50  5:39  Extractor  
  50  5:41  Hatchery  
  49  5:52  Lair  
  49  5:57  Extractor  
  49  5:58  Roach Warren  
  49  6:03  Drone x3  
  50  6:08  Drone  
  51  6:11  Spore Crawler  
  51  6:13  Spore Crawler  
  51  6:14  Drone x2  
  51  6:15  Overlord  
  51  6:33  Drone  
  51  6:34  Drone x2  
  51  6:36  Drone  
  55  6:51  Hydralisk Den, Roach x2  
  55  6:53  Roach  
  55  6:54  Zergling x6  
  62  6:55  Overlord  
  62  6:56  Queen  
  65  7:06  Glial Reconstitution  
  65  7:11  Overlord x2  
  65  7:25  Roach, Hydralisk x2  
  65  7:26  Roach  
  65  7:27  Overlord x2  
  73  7:38  Drone  
  73  7:39  Drone  
  75  7:47  Hydralisk x3  
  75  7:48  Hydralisk x2, Roach x4  
  75  7:49  Roach  
  95  7:55  Drone  
  96  8:08  Drone x3  
  96  8:09  Hydralisk  
  96  8:10  Overlord x2  
  96  8:11  Roach  
  103  8:17  Hydralisk  
  103  8:18  Overlord x2  
  105  8:22  Extractor  
  105  8:23  Drone  
  105  8:27  Muscular Augments  
  105  8:37  Evolution Chamber  
  103  8:46  Ravager x3  
  103  8:47  Evolution Chamber  
  95  8:57  Spire  
  95  9:01  Drone x4  
  95  9:02  Drone  
  88  9:05  Zerg Missile Weapons Level 1, Hydralisk x4  
  88  9:06  Hydralisk  
  85  9:19  Hydralisk x4  
  89  9:40  Hydralisk  
  89  9:41  Hydralisk x5  
  88  9:53  Drone x2  
  88  9:57  Extractor  
  89  10:06  Drone x2, Hatchery  
  89  10:07  Overlord, Drone  
  91  10:08  Overlord, Hydralisk  
  93  10:16  Pneumatized Carapace  
  93  10:17  Hydralisk  
  93  10:19  Corruptor  
  97  10:34  Corruptor x3  
  103  10:50  Hydralisk x2  
  103  10:51  Corruptor x2, Hydralisk  
  113  11:02  Zerg Ground Armor Level 1  
  113  11:06  Evolution Chamber  
  112  11:13  Zerg Missile Weapons Level 2  
  112  11:18  Zerg Flyer Weapons Level 1  
  112  11:20  Corruptor x3  
  118  11:30  Drone x2  
  118  11:31  Drone  
  118  11:32  Drone x3  
  124  11:33  Drone  
  125  11:44  Hydralisk  
  125  11:45  Hydralisk x2  
  131  11:47  Overlord  
  131  11:50  Drone  
  131  11:51  Drone  
  131  11:53  Extractor  
  132  11:56  Extractor  
  132  12:00  Infestation Pit  
  130  12:18  Hydralisk  
  130  12:19  Roach, Hydralisk x5  
  130  12:20  Corruptor, Hydralisk  
  130  12:21  Hydralisk  
  150  12:31  Drone x2  
  150  12:32  Drone  
  153  12:44  Corruptor, Hydralisk  
  153  12:45  Hydralisk x3, Corruptor, Roach  
  167  12:57  Overlord  
  167  12:58  Overlord x2  
  167  13:36  Corruptor, Hydralisk x3  
  167  13:37  Hydralisk x3, Corruptor x2  
  185  13:41  Overlord  
Show
View Real Time Build Order
Export as new Build Order

Kswiss Protoss - Winner!

Build Orders: Double Forge 

Get SALT Encoding   

  12  0:01  Probe (Chrono Boost)  
  13  0:12  Probe (Chrono Boost)  
  14  0:23  Probe (Chrono Boost)  
  15  0:29  Pylon  
  15  0:47  Probe (Chrono Boost)  
  16  0:51  Gateway  
  16  0:58  Probe (Chrono Boost)  
  17  1:05  Forge  
  17  1:09  Probe (Chrono Boost)  
  18  1:13  Forge  
  18  1:17  Forge  
  18  1:19  Probe (Chrono Boost)  
  18  1:20  Assimilator  
  19  1:28  Pylon  
  19  1:30  Probe (Chrono Boost)  
  20  1:40  Probe (Chrono Boost)  
  20  1:45  Cybernetics Core  
  21  1:55  Photon Cannon  
  21  1:59  Assimilator  
  21  2:03  Probe (Chrono Boost)  
  22  2:11  Photon Cannon  
  22  2:17  Photon Cannon  
  22  2:39  Stargate  
  22  2:53  Nexus  
  22  3:08  Photon Cannon  
  22  3:09  Pylon  
  22  3:25  Void Ray (Chrono Boost)  
  26  3:35  Mothership Core  
  28  4:09  Probe  
  33  4:17  Void Ray (Chrono Boost)  
  33  4:20  Probe x2  
  35  4:30  Probe  
  35  4:32  Probe  
  37  4:39  Protoss Air Weapons Level 1 (Chrono Boost)  
  37  4:41  Probe  
  37  4:44  Probe  
  39  4:51  Probe  
  39  4:54  Void Ray (Chrono Boost)  
  39  4:56  Probe  
  45  5:19  Probe  
  46  5:24  Assimilator  
  46  5:27  Assimilator  
  46  5:29  Probe  
  47  5:40  Probe  
  44  5:50  Probe  
  45  6:01  Probe  
  46  6:11  Void Ray (Chrono Boost), Probe  
  46  6:15  Stargate  
  46  6:17  Stargate  
  51  6:19  Pylon  
  51  6:22  Probe  
  51  6:23  Pylon  
  51  6:25  Pylon  
  52  6:33  Protoss Air Armor Level 1 (Chrono Boost)  
  52  6:36  Fleet Beacon  
  52  7:07  Void Ray x2  
  52  7:31  Protoss Shields Level 1 (Chrono Boost)  
  52  7:34  Probe  
  53  7:44  Probe  
  54  7:55  Probe  
  55  8:01  Nexus  
  55  8:04  Void Ray (Chrono Boost)  
  55  8:05  Void Ray (Chrono Boost), Probe  
  64  8:13  Void Ray (Chrono Boost)  
  64  8:15  Protoss Air Weapons Level 2 (Chrono Boost)  
  64  8:16  Probe  
  69  8:28  Pylon  
  69  8:32  Pylon  
  69  8:39  Assimilator  
  69  8:44  Assimilator  
  69  8:49  Tempest  
  75  9:10  Tempest  
  61  9:37  Tempest  
  61  9:45  Tempest  
  61  9:49  Probe  
  68  10:00  Probe  
  68  10:06  Carrier  
  75  10:10  Probe  
  76  10:19  Protoss Air Armor Level 2 (Chrono Boost)  
  76  10:21  Probe  
  77  10:32  Probe  
  78  10:42  Probe  
  78  10:43  Carrier  
  78  10:48  Mothership Core  
  87  10:53  Probe  
  88  10:57  Twilight Council  
  88  11:03  Probe  
  89  11:14  Probe  
  90  11:24  Probe  
  90  11:28  Carrier  
  90  11:31  Graviton Catapult (Chrono Boost)  
  97  11:35  Probe  
  98  11:45  Probe  
  105  11:55  Nexus  
  105  11:57  Pylon  
  105  12:00  Pylon  
  105  12:02  Pylon  
  105  12:05  Pylon  
  105  12:13  Pylon  
  105  12:20  Stargate  
  105  12:24  Stargate  
  105  12:27  Pylon  
  105  12:35  Carrier  
  105  12:36  Carrier  
  117  12:44  Assimilator  
  117  12:49  Assimilator  
Show
View Real Time Build Order
Export as new Build Order

Trigger Zerg 

Build Orders: Pool Only 

Get SALT Encoding   

  12  0:09  Drone x2  
  14  0:18  Overlord  
  14  0:39  Spawning Pool  
  13  0:43  Overlord  
  13  0:51  Drone x2  
  15  1:03  Drone  
  16  1:08  Drone  
  17  1:17  Overlord  
  17  1:28  Queen  
  17  1:30  Zergling x2  
  20  1:41  Zergling x2  
  21  1:50  Zergling x2  
  22  2:00  Zergling x2  
  23  2:11  Zergling x2  
  24  2:22  Overlord  
  24  2:32  Zergling x2  
  25  2:39  Zergling x6  
  28  2:56  Zergling x2  
  29  3:00  Zergling x2  
  30  3:09  Zergling x2  
  31  3:18  Zergling x2  
  30  4:03  Spore Crawler  
  30  4:07  Drone x3  
  30  4:08  Spore Crawler  
  31  4:10  Extractor  
  21  4:27  Drone  
  22  4:37  Drone  
  23  4:50  Drone  
  23  4:51  Extractor  
  21  4:56  Spine Crawler  
Show
View Real Time Build Order
Export as new Build Order

demoleo Protoss 

Build Orders: Oracle Opening 

Get SALT Encoding   

  12  0:02  Probe (Chrono Boost)  
  13  0:12  Probe (Chrono Boost)  
  14  0:19  Pylon  
  14  0:30  Probe (Chrono Boost)  
  15  0:38  Gateway  
  15  0:41  Probe (Chrono Boost)  
  16  0:48  Assimilator  
  16  0:54  Probe (Chrono Boost)  
  17  1:05  Probe (Chrono Boost)  
  18  1:16  Probe (Chrono Boost)  
  18  1:17  Assimilator  
  19  1:26  Probe (Chrono Boost)  
  19  1:27  Cybernetics Core  
  20  1:34  Pylon  
  20  1:37  Probe (Chrono Boost)  
  21  1:43  Pylon  
  21  1:47  Probe (Chrono Boost)  
  22  1:54  Forge  
  22  1:58  Probe (Chrono Boost)  
  23  2:06  Stargate  
  23  2:15  Mothership Core (Chrono Boost)  
  25  2:28  Photon Cannon  
  25  2:35  Photon Cannon  
  25  2:45  Photon Cannon  
  25  2:53  Oracle  
  28  3:24  Pylon  
  28  3:31  Nexus  
  28  4:43  Void Ray  
  32  4:46  Probe (Chrono Boost)  
  33  4:53  Pylon  
  33  4:56  Probe (Chrono Boost)  
  33  4:59  Photon Cannon  
  34  5:02  Probe (Chrono Boost)  
  36  5:07  Probe (Chrono Boost)  
  36  5:13  Probe (Chrono Boost)  
  37  5:17  Probe (Chrono Boost)  
  38  5:24  Probe (Chrono Boost)  
  38  5:28  Probe (Chrono Boost)  
  40  5:34  Probe (Chrono Boost)  
  41  5:45  Probe (Chrono Boost)  
  39  5:51  Void Ray  
  43  6:04  Stargate  
  43  6:06  Stargate  
  43  6:10  Fleet Beacon  
  43  6:18  Pylon  
  43  6:21  Pylon, Photon Cannon  
  43  6:23  Photon Cannon  
  43  6:24  Pylon, Photon Cannon  
  43  6:25  Photon Cannon  
  43  6:27  Photon Cannon  
  43  6:28  Pylon  
  43  6:29  Probe (Chrono Boost)  
  43  6:31  Assimilator  
  44  6:37  Assimilator  
  44  6:39  Pylon  
  45  6:40  Probe (Chrono Boost)  
  45  6:50  Probe (Chrono Boost)  
  44  7:01  Probe (Chrono Boost)  
  44  7:08  Carrier x3  
  52  7:11  Probe (Chrono Boost)  
  59  7:22  Probe (Chrono Boost)  
  60  7:28  Nexus  
  60  7:30  Assimilator  
  60  7:32  Protoss Shields Level 1  
  60  7:34  Mothership Core (Chrono Boost), Assimilator  
  62  7:38  Pylon  
  62  7:39  Pylon  
  62  7:46  Photon Cannon  
  62  7:50  Photon Cannon  
  62  7:56  Photon Cannon  
  62  8:00  Photon Cannon  
  68  8:06  Pylon  
  68  8:10  Pylon  
  68  8:11  Protoss Air Weapons Level 1  
  68  8:17  Photon Cannon  
  68  8:18  Photon Cannon  
  49  9:48  Carrier x3  
  67  9:53  Mothership Core (Chrono Boost)  
  69  10:01  Photon Cannon  
  69  10:05  Protoss Air Armor Level 1  
  69  10:10  Graviton Catapult  
  69  10:18  Nexus  
  69  10:19  Robotics Facility  
  69  10:23  Probe (Chrono Boost)  
  69  10:27  Nexus  
  70  10:29  Pylon  
  70  10:34  Probe (Chrono Boost)  
  71  10:41  Probe (Chrono Boost)  
  72  10:48  Photon Cannon  
  72  10:51  Probe (Chrono Boost)  
  79  11:02  Probe (Chrono Boost), Photon Cannon  
  80  11:05  Photon Cannon  
  80  11:07  Photon Cannon  
  80  11:11  Assimilator  
  81  11:25  Probe (Chrono Boost)  
  81  11:36  Probe (Chrono Boost)  
  82  11:40  Probe (Chrono Boost)  
  82  11:46  Probe (Chrono Boost), Pylon  
  84  11:48  Assimilator  
  84  11:51  Probe x2 (Chrono Boost)  
  84  11:54  Assimilator  
  86  11:57  Probe (Chrono Boost)  
  87  12:01  Probe (Chrono Boost)  
  87  12:02  Probe (Chrono Boost)  
  87  12:07  Probe (Chrono Boost)  
  90  12:10  Probe (Chrono Boost)  
  90  12:12  Probe (Chrono Boost)  
  92  12:18  Probe (Chrono Boost)  
  92  12:20  Observer  
  92  12:21  Probe (Chrono Boost)  
  96  12:23  Probe (Chrono Boost)  
  96  12:28  Probe (Chrono Boost)  
  97  12:31  Probe (Chrono Boost)  
  97  12:33  Probe (Chrono Boost)  
  97  12:35  Carrier  
  97  12:37  Carrier  
  105  12:39  Probe (Chrono Boost)  
  105  12:42  Probe (Chrono Boost)  
  113  12:49  Twilight Council  
  113  12:53  Probe (Chrono Boost)  
  113  12:54  Photon Cannon  
  113  12:56  Pylon, Photon Cannon  
  113  12:58  Pylon  
  114  13:00  Pylon  
  114  13:03  Pylon  
  114  13:16  Pylon  
  114  13:19  Pylon  
  114  13:21  Pylon  
  114  13:22  Photon Cannon  
  114  13:41  Photon Cannon  
  114  13:42  Photon Cannon  
  114  13:43  Photon Cannon  
  114  13:44  Pylon  
Tags
 
Add a new tag
Caveats
  • Supply blocks, unpowered buildings, or Contaminate may cause inaccurate times.
  • Supply counts are checked every 10 seconds.